[Event "Late-Titled-Tuesday-Blitz-July-09-2024"]
[Site "Chess.com"]
[Date "2024.07.09"]
[Round "2"]
[White "anderson2361"]
[Black "Bykov_Egor"]
[Result "0-1"]
[WhiteElo "2260"]
[BlackElo "2691"]
[TimeControl "180+1"]
[EndTime "14:17:53 PDT"]
[Termination "Bykov_Egor won by checkmate"]

1. c4 Nf6 2. Nf3 e6 3. g3 d5 4.
Bg2 dxc4 5. Qa4+ Nbd7 6. Qxc4 a6 7. Qc2 c5 8. O-O b5 9. Ne5 Nd5 10. Nd3 Bb7 11. Nc3 Be7 12. b3 Nxc3 13. dxc3 Bxg2 14. Kxg2 c4 15. Nb2 Qc7 16. Be3 Qc6+ 17. Kg1 O-O 18. Rfd1 Nf6 19. bxc4 Rfc8 20. cxb5 axb5 21. Bd4 Ne4 22. Rdc1 Bg5 23. f4 Bf6 24. Bxf6 gxf6 25. Qd3 Nxc3 26. Nd1 Qb6+ 27. Kf1 Nd5 28. e4 Nb4 29.
Qe3 Qxe3 30. Nxe3 Rxc1+ 31. Rxc1 Nxa2 32. Rb1 Nc3 33. Rb4 Ra1+ 34. Kg2 Ra2+ 35. Kf3 Rxh2 36. Rb3 Ne2 37. Rd3 h5 38. Rd8+ Kg7 39. f5 Ng1+ 40.
Kf4 e5# 0-1

[Event "Late-Titled-Tuesday-Blitz-July-09-2024"]
[Site "Chess.com"]
[Date "2024.07.09"]
[Round "2"]
[White "rhungaski"]
[Black "legendisback1"]
[Result "0-1"]
[WhiteElo "2640"]
[BlackElo "3031"]
[TimeControl "180+1"]
[EndTime "14:17:55 PDT"]
[Termination "legendisback1 won by resignation"]

1. Nf3 b6 2. g3 Bb7 3. Bg2 g6 4. O-O Bg7 5. d3 d5 6. Nbd2 Nf6 7. Re1 O-O 8. e4 dxe4 9. Ng5 c5 10. Ngxe4 Nxe4 11. dxe4 Nc6 12. c3 Qc7 13. Nc4 Rad8 14. Qa4 a6 15.
Qc2 b5 16. Ne3 e6 17. h4 h5 18. Nf1 c4 19. Bf4 Ne5 20. Rad1 Qc8 21. Bxe5 Bxe5 22. f4 Bd6 23. e5 Bc5+ 24. Kh2 Bxg2 25. Qxg2 Rd3 26. Rxd3 cxd3 27. Qe4 Rd8 28. Nd2 Bb6 29.
Kg2 Qc5 30. Rf1 Kg7 31. Kf3 a5 32. g4 hxg4+ 33. Kxg4 a4 34. a3 Qe7 35. Rh1 f5+ 36. exf6+ Qxf6 37. h5 Qf5+ 38. Kf3 gxh5 39. Qb7+ Kh6 40.
Qxb6 Qg4+ 41. Ke4 Rf8 42. Qf2 Qf5+ 43. Ke3 Qc5+ 44. Kf3 Rxf4+ 45. Kxf4 Qxf2+ 46. Nf3 e5+ 47. Ke4 Qe2+ 0-1

[Event "Late-Titled-Tuesday-Blitz-July-09-2024"]
[Site "Chess.com"]
[Date "2024.07.09"]
[Round "2"]
[White "solofon"]
[Black "SuanTiltado"]
[Result "1/2-1/2"]
[WhiteElo "2584"]
[BlackElo "2369"]
[TimeControl "180+1"]
[EndTime "14:17:55 PDT"]
[Termination "Game drawn by repetition"]

1. e4 c6 2. Nc3 d5 3. Nf3 dxe4 4.
Nxe4 Nf6 5. Qe2 Nxe4 6. Qxe4 Nd7 7. Bc4 Nf6 8. Ne5 e6 9. Qe2 b5 10. Bb3 Qc7 11. O-O Bd6 12. d4 a5 13. a4 O-O 14.
Re1 b4 15. Bf4 Nd5 16. Bg3 c5 17. dxc5 Qxc5 18. Rad1 Bb7 19. Nd7 Qc7 20. Nxf8 Rxf8 21. Bxd6 Qxd6 22. Qe5 Qc6 23. Bxd5 exd5 24. Rd2 Qxa4 25.
b3 Qc6 26. h4 h6 27. f3 Qb6+ 28. Kh2 Rc8 29. Rd4 Rxc2 30. Rg4 g6 31. Qe8+ Kg7 32. Re7 Qd6+ 33. Rg3 Qf6 34. Rxb7 Qxh4+ 35. Rh3 Qf4+ 36. Rg3 Qh4+ 37. Rh3 Qf4+ 38. Rg3 Qh4+ 1/2-1/2

[Event "Late-Titled-Tuesday-Blitz-July-09-2024"]
[Site "Chess.com"]
[Date "2024.07.09"]
[Round "2"]
[White "Cxrjs"]
[Black "nitpicker"]
[Result "1-0"]
[WhiteElo "2512"]
[BlackElo "2300"]
[TimeControl "180+1"]
[EndTime "14:17:55 PDT"]
[Termination "Cxrjs won by resignation"]

1. e4 c5 2. Nf3 Nc6 3. d4 cxd4 4. Nxd4 Nf6 5. Nc3 d6 6. Bc4 Qb6 7. Nxc6 bxc6 8. O-O e6 9. Qf3 Be7 10. Bb3 O-O 11. Be3 Qc7 12. Qg3 Bb7 13. Rad1 Kh8 14. f4 c5 15. e5 Ne4 16. Nxe4 Bxe4 17. f5 dxe5 18. fxe6 Bf6 19. exf7 c4 20. Ba4 Qxf7 21. Bc5 Rfd8 22. Bb4 Qg6 23. Qxg6 Bxg6 24. Bc3 e4 25. Rxd8+ Rxd8 26. Rxf6 Rd1+ 27. Rf1 Rd8 28. Bb4 h6 29. Rf8+ Rxf8 30. Bxf8 e3 31. Kf1 Bd3+ 32. cxd3 cxd3 33. Bc5 1-0

[Event "Late-Titled-Tuesday-Blitz-July-09-2024"]
[Site "Chess.com"]
[Date "2024.07.09"]
[Round "2"]
[White "IamSchrodingersCat"]
[Black "DanielNaroditsky"]
[Result "1-0"]
[WhiteElo "2671"]
[BlackElo "3086"]
[TimeControl "180+1"]
[EndTime "14:17:56 PDT"]
[Termination "IamSchrodingersCat won by checkmate"]

1. e4 c5 2. Nf3 d6 3. d4 cxd4 4. Nxd4 Nf6 5. Nc3 a6 6. Be2 e5 7. Nb3 Be7 8. g4 h6 9. Be3 Be6 10. Bf3 Nbd7 11. Qe2 Rc8 12. O-O-O Rxc3 13. bxc3 Qc7 14.
h4 Qxc3 15. g5 Bxb3 16. axb3 d5 17. Kb1 Nxe4 18. Rxd5 Ba3 19. Bc1 Bxc1 20. Rxc1 Nec5 21. Rcd1 hxg5 22. Bg4 O-O 23. Bxd7 Qb4 24. hxg5 Ne4 25. R5d3 Nc3+ 26. Rxc3 Qxc3 27. g6 Qc5 28. Qh5 Rd8 29.
gxf7+ Kf8 30. Qh8+ Ke7 31. Qe8+ Kf6 32. Qxd8+ Kg6 33.
f8=Q Qxf8 34. Qxf8 Kg5 35. Qf5+ Kh6 36. Rh1# 1-0

[Event "Late-Titled-Tuesday-Blitz-July-09-2024"]
[Site "Chess.com"]
[Date "2024.07.09"]
[Round "2"]
[White "Beaterawn"]
[Black "slidingknight2775"]
[Result "0-1"]
[WhiteElo "2423"]
[BlackElo "2735"]
[TimeControl "180+1"]
[EndTime "14:17:56 PDT"]
[Termination "slidingknight2775 won by resignation"]

1. e4 c6 2. d4 d5 3. exd5 cxd5 4.
Nf3 Nc6 5. c4 Nf6 6. Nc3 a6 7.
cxd5 Nxd5 8. Bc4 Be6 9. Qb3 Na5 10. Qa4+ Bd7 11. Qc2 Nxc3 12. Qxc3 Rc8 13. Bxf7+ Kxf7 14. Ne5+ Kg8 15. Qf3 Be6 16. Be3 Qd5 17. Qg3 g6 18. O-O Bg7 19. f4 Bf5 20. Rac1 Nc6 21. b3 Nxe5 22. Rxc8+ Bxc8 23. fxe5 Bf5 24. Rxf5 gxf5 25. Bh6 Qxd4+ 26. Kf1 Qxe5 27. Qxe5 Bxe5 28. Be3 Bf6 29. g3 Kf8 30. Bf4 Kf7 31. Ke2 Rc8 0-1

[Event "Late-Titled-Tuesday-Blitz-July-09-2024"]
[Site "Chess.com"]
[Date "2024.07.09"]
[Round "2"]
[White "JEHUBNER"]
[Black "Richardmaster"]
[Result "0-1"]
[WhiteElo "2008"]
[BlackElo "2443"]
[TimeControl "180+1"]
[EndTime "14:17:56 PDT"]
[Termination "Richardmaster won by resignation"]

1. e4 c5 2. c3 Nf6 3. e5 Nd5 4.
d4 cxd4 5. cxd4 d6 6. Nf3 Nc6 7. exd6 Qxd6 8. Nc3 g6 9. Bc4 Nb6 10. Bb3 Bg7 11. Be3 O-O 12. O-O Bg4 13. h3 Bxf3 14. Qxf3 Rad8 15. Rfd1 Na5 16. Bc2 Nd5 17. Be4 Nxc3 18.
bxc3 b6 19. Bd3 Rc8 20. Rac1 Nc4 21. Qe2 Qd5 22. Bf4 e6 23. Be4 Qa5 24. Bd3 Qa4 25. h4 Rfd8 26. h5 Qc6 27. hxg6 hxg6 28. Be4 Qb5 29.
Bd3 Qd5 30. Bg3 Bf6 31. Bc2 Kg7 32. Bb3 b5 33. Rd3 a6 34. Rf3 Rh8 35. Re1 Qh5 36.
Bh2 Qxh2+ 0-1

[Event "Late-Titled-Tuesday-Blitz-July-09-2024"]
[Site "Chess.com"]
[Date "2024.07.09"]
[Round "2"]
[White "VladimirKramnik"]
[Black "hellokostya"]
[Result "1-0"]
[WhiteElo "2981"]
[BlackElo "2628"]
[TimeControl "180+1"]
[EndTime "14:17:57 PDT"]
[Termination "VladimirKramnik won by resignation"]

1. e4 c5 2. Nf3 Nc6 3. Bb5 Nf6 4. Nc3 Qc7 5. O-O Nd4 6. Re1 e5 7. Nxd4 cxd4 8. Nd5 Nxd5 9. exd5 Be7 10. Qh5 a6 11. Qxe5 Qxe5 12. Rxe5 Kd8 13. Bd3 Bd6 14. Re4 b5 15. b3 Bb7 16. Bb2 Bxd5 17. Rxd4 Be5 18.
Rxd5 Bxb2 19. Rb1 Bf6 20. a4 b4 21. Ra5 Re8 22. Rxa6 Rxa6 23. Bxa6 Bg5 24. Rd1 Kc7 25. g3 Kb6 26. Bb5 Re7 27. c3 Ka5 28. Kf1 d6 29. c4 Bf6 30. d4 Re4 31. c5 Rxd4 32. Rxd4 Bxd4 33. cxd6 Kb6 34. d7 Kc7 35. a5 Ba7 36. Ke2 g5 37. f3 h5 38. h4 gxh4 39. gxh4 Bc5 40. a6 Be7 41. Bc4 Kb6 42. Bxf7 Kxa6 43. Bxh5 Bxh4 44. Kd3 Kb6 45. Kc4 Be7 46. Kd5 Bg5 47.
f4 Bh4 48. Ke6 Kc7 49. f5 Kd8 50. f6 Bg5 51. Bg4 Bh6 52. Kf7 Bg5 53. Kg7 1-0

[Event "Late-Titled-Tuesday-Blitz-July-09-2024"]
[Site "Chess.com"]
[Date "2024.07.09"]
[Round "2"]
[White "tjallkompall"]
[Black "Slovineanu"]
[Result "1/2-1/2"]
[WhiteElo "2785"]
[BlackElo "2529"]
[TimeControl "180+1"]
[EndTime "14:17:57 PDT"]
[Termination "Game drawn - insufficient material"]

1. e4 c6 2. Nf3 d5 3. exd5 cxd5 4. d4 Nf6 5. Ne5 Nc6 6. Bb5 Bd7 7. Nxd7 Qxd7 8.
O-O a6 9. Be2 e6 10. c3 Bd6 11.
Nd2 O-O 12. Re1 b5 13. Nf3 Ne4 14. Bd3 f5 15. Ng5 Qe7 16. Nf3 Qc7 17. Be3 Kh8 18.
Rc1 Rg8 19. b3 g5 20. c4 g4 21. Ne5 Nxe5 22. dxe5 Ba3 23. Rc2 dxc4 24. Bxe4 fxe4 25. bxc4 Rad8 26. Qe2 Qxe5 27. cxb5 axb5 28. g3 Bd6 29. Bf4 Qf5 30. Bxd6 Rxd6 31. Qxe4 Rgd8 32. Qxf5 exf5 33. Rc5 Rd5 34. Re5 Rxc5 35. Rxc5 Rd2 36. Rxb5 Rxa2 37. Rxf5 Ra4 38. Rf4 Rxf4 39. gxf4 Kg7 40. Kg2 Kg6 41. f3 Kf5 42. Kg3 h5 43. fxg4+ hxg4 44. h3 gxh3 45. Kxh3 Kxf4 1/2-1/2

[Event "Late-Titled-Tuesday-Blitz-July-09-2024"]
[Site "Chess.com"]
[Date "2024.07.09"]
[Round "2"]
[White "Indefatigable11"]
[Black "TigrVShlyape"]
[Result "0-1"]
[WhiteElo "2414"]
[BlackElo "2960"]
[TimeControl "180+1"]
[EndTime "14:17:57 PDT"]
[Termination "TigrVShlyape won by resignation"]

1. d4 f5 2. c4 Nf6 3. Nc3 e6 4.
Nf3 Bb4 5. g3 Ne4 6. Bd2 Bxc3 7.
Bxc3 Nxc3 8. bxc3 b6 9. Bg2 Bb7 10. O-O O-O 11. Qd2 Nc6 12. Rfe1 Na5 13. c5 Qf6 14.
cxb6 axb6 15. Ne5 Bxg2 16. Kxg2 Rad8 17. Qd3 f4 18. Rf1 d6 19. Nc4 Nc6 20. Nd2 d5 21.
Nf3 e5 22. dxe5 Nxe5 23. Nxe5 Qxe5 24. a4 Ra8 25. Rfd1 Ra5 26. c4 Qe4+ 27. Qxe4 dxe4 28. Rd7 Rc5 29. Rd4 f3+ 30. exf3 exf3+ 31. Kf1 h6 32.
Ke1 Re8+ 33. Kf1 Re6 34. Rb1 Kh7 35. Rb5 Rec6 36. Rb4 g5 37. Re4 Kg6 38. g4 h5 39.
h3 Rd6 40. Kg1 h4 41. Kf1 Rd1+ 42. Re1 Rd4 43. Re7 Rdxc4 44. Re6+ Kf7 45. Rxc4 Rxc4 46.
Re3 Rc1+ 47. Re1 Rc4 48. Ra1 c5 49. Ke1 Re4+ 50. Kf1 Ke6 51. a5 bxa5 52. Rxa5 Rb4 53. Ke1 Kd5 54. Kd2 Kd4 55. Ra7 Rb2+ 56. Ke1 Re2+ 57.
Kf1 c4 58. Re7 Rxe7 0-1

[Event "Late-Titled-Tuesday-Blitz-July-09-2024"]
[Site "Chess.com"]
[Date "2024.07.09"]
[Round "2"]
[White "KorolDimitriy75"]
[Black "tsvet2005"]
[Result "1-0"]
[WhiteElo "2410"]
[BlackElo "2679"]
[TimeControl "180+1"]
[EndTime "14:17:57 PDT"]
[Termination "KorolDimitriy75 won by checkmate"]

1. d4 Nf6 2. c4 e6 3. Nc3 Bb4 4. Qc2 O-O 5. e4 c5 6. e5 cxd4 7. a3 dxc3 8. axb4 cxb2 9. Bxb2 Ne8 10. Bd3 Nc6 11. Bxh7+ Kh8 12. b5 Ne7 13. Bd3 d6 14. Nf3 d5 15. O-O b6 16. c5 bxc5 17. Qxc5 Ng6 18. Bxg6 Nc7 19. Bd3 Bb7 20. Rxa7 Rxa7 21. Qxa7 d4 22. Qxb7 Nd5 23. Be4 Nf4 24. Nxd4 Qg5 25. g3 Nh3+ 26. Kg2 Nf4+ 27. Kh1 Nh3 28. Bg2 Nxf2+ 29. Rxf2 Qe3 30. Rf1 Rd8 31. Qf3 Qd2 32.
Qf2 Qb4 33. h3 Rc8 34. Kh2 Rc4 35. Ba1 Qa4 36. Qxf7 Qb4 37. Qf8+ Kh7 38. Qxb4 Kh6 39.
Qxc4 Kg5 40. Qc1+ Kh5 41. Qf4 g6 42. Qh4# 1-0

[Event "Late-Titled-Tuesday-Blitz-July-09-2024"]
[Site "Chess.com"]
[Date "2024.07.09"]
[Round "2"]
[White "Polish_fighter3000"]
[Black "brm72"]
[Result "1-0"]
[WhiteElo "3066"]
[BlackElo "2647"]
[TimeControl "180+1"]
[EndTime "14:17:58 PDT"]
[Termination "Polish_fighter3000 won by resignation"]

1. d4 Nf6 2. Nf3 e6 3. Bf4 b6 4. e3 Bb7 5. Nbd2 d6 6. h3 Nbd7 7. a4 a6 8. Bd3 Qe7 9. Bh2 g6 10.
Qe2 Bg7 11. c3 O-O 12. Nc4 Ne4 13. O-O f5 14. Ncd2 g5 15. Bc2 Ndf6 16. Nxe4 Nxe4 17.
Nd2 Nxd2 18. Qxd2 h5 19. f3 e5 20. f4 exf4 21. exf4 g4 22. d5 gxh3 23. gxh3 Qh4 24.
Qg2 Rae8 25. Bg3 Qf6 26. Rad1 Re3 27. Rf3 Rfe8 28. Rxe3 Rxe3 29. Qf2 Re7 30. Bh4 Qg6+ 31. Kh2 Re8 32. Rg1 Qf7 33. c4 b5 34. b3 bxc4 35.
bxc4 c6 36. Rg5 cxd5 37. Rxf5 Qe6 38. Rxh5 dxc4 39. Bh7+ Kf7 40. Rf5+ 1-0

[Event "Late-Titled-Tuesday-Blitz-July-09-2024"]
[Site "Chess.com"]
[Date "2024.07.09"]
[Round "2"]
[White "rionelG"]
[Black "axlbvRR"]
[Result "1-0"]
[WhiteElo "2426"]
[BlackElo "1935"]
[TimeControl "180+1"]
[EndTime "14:17:58 PDT"]
[Termination "rionelG won by checkmate"]

1. e4 e6 2. d4 d5 3. Nd2 Nf6 4. e5 Nfd7 5. c3 c5 6. f4 Nc6 7.
Ndf3 Qb6 8. g3 cxd4 9. cxd4 Bb4+ 10. Kf2 O-O 11. Kg2 f6 12. Bd3 Be7 13. Ne2 f5 14. a3 Qd8 15. b4 Qe8 16. Nc3 a6 17. b5 Nd8 18. Qb3 Qh5 19. Be2 Qh6 20. a4 Kh8 21. Ba3 Bxa3 22. Qxa3 Nf7 23. Qd6 Nxd6 24.
exd6 Nf6 25. Ne5 Nd7 26. bxa6 bxa6 27. Rab1 g5 28. Rhf1 Nxe5 29. dxe5 d4 30. Nd1 Bd7 31.
Kg1 Bc6 32. Rb6 Rac8 33. Bxa6 Rc7 34. dxc7 gxf4 35. Rxf4 Bd7 36. Rb8 Kg7 37. Rxd4 Qe3+ 38. Nxe3 f4 39. Rxf8 Kxf8 40. Rxd7 fxe3 41. c8=Q# 1-0

[Event "Late-Titled-Tuesday-Blitz-July-09-2024"]
[Site "Chess.com"]
[Date "2024.07.09"]
[Round "2"]
[White "mamey78"]
[Black "rasmussvane"]
[Result "0-1"]
[WhiteElo "2608"]
[BlackElo "2919"]
[TimeControl "180+1"]
[EndTime "14:17:59 PDT"]
[Termination "rasmussvane won by resignation"]

1. e4 c6 2. d4 d5 3. exd5 cxd5 4. c4 Nf6 5. Nc3 Nc6 6. Nf3 a6 7. cxd5 Nxd5 8. Bc4 Be6 9. Bb3 Na5 10. Ng5 Qd7 11. O-O Nxb3 12. axb3 Bf5 13. Qf3 Nxc3 14. bxc3 e6 15. Re1 Be7 16. Qg3 O-O 17. Bf4 Rac8 18. Re3 Qd5 19. b4 Rc6 20. Nf3 f6 21. Nh4 Rfc8 22.
Rae1 Bf8 23. Nxf5 Qxf5 24. h4 b6 25. Qf3 a5 26. bxa5 bxa5 27. g4 Qd5 28. Qe2 a4 29. Rxe6 Rxe6 30. Qxe6+ Qxe6 31. Rxe6 a3 32. Ra6 Rxc3 33.
Ra8 Kf7 34. d5 Bc5 35. Kg2 Rc2 36. Bg3 a2 37. d6 Ke6 38. Re8+ Kd7 39. Re7+ Kd8 40.
Re1 Bd4 0-1

[Event "Late-Titled-Tuesday-Blitz-July-09-2024"]
[Site "Chess.com"]
[Date "2024.07.09"]
[Round "2"]
[White "Gangster-accountant01"]
[Black "MetiForce"]
[Result "0-1"]
[WhiteElo "2591"]
[BlackElo "2892"]
[TimeControl "180+1"]
[EndTime "14:17:59 PDT"]
[Termination "MetiForce won by resignation"]

1. d4 Nf6 2. c4 e6 3. g3 d5 4. Nf3 dxc4 5. Bg2 Bd7 6. Nbd2 c5 7.
Nxc4 Bc6 8. O-O Nbd7 9. dxc5 Bxc5 10. Nd6+ Ke7 11. Nc4 Nb6 12. Nce5 Ba4 13. Qxd8+ Rhxd8 14.
Nd3 Bd6 15. b3 Bb5 16. Bb2 Bxd3 17. exd3 Nbd5 18. Rfc1 Rac8 19. Ne5 g6 20. Nc4 Bc5 21. d4 Bb4 22. a3 Bd6 23. Nxd6 Kxd6 24. a4 Kd7 25. Bf1 a6 26. Bc4 Ne4 27. Bxd5 exd5 28.
Ba3 Nd2 29. Rxc8 Rxc8 30. Kg2 Nxb3 31. Rb1 Na5 32. Bc5 Re8 33. Rb6 Re6 34. Rb1 Kc7 35.
f4 Nc4 36. Bb4 a5 37. Be1 f5 38. Bf2 b6 39. h4 h5 40. Kf3 Nd2+ 0-1

[Event "Late-Titled-Tuesday-Blitz-July-09-2024"]
[Site "Chess.com"]
[Date "2024.07.09"]
[Round "2"]
[White "Jahonas"]
[Black "Juliana_Figueira"]
[Result "1-0"]
[WhiteElo "2436"]
[BlackElo "1998"]
[TimeControl "180+1"]
[EndTime "14:17:59 PDT"]
[Termination "Jahonas won on time"]

1. d4 Nf6 2. Bf4 e6 3. e3 d5 4. Nf3 Be7 5. c3 O-O 6. Bd3 c5 7. h3 Nc6 8. O-O a6 9. Nbd2 b5 10. b3 Bb7 11. Ne5 Nxe5 12. Bxe5 Bd6 13. f4 Qc7 14. Bxf6 gxf6 15. Bxh7+ Kxh7 16. Qh5+ Kg7 17. Qg4+ Kh7 18. Qh5+ Kg7 19. Qg4+ Kh7 20. Qh4+ Kg7 21. Rf3 Rg8 22. Rg3+ Kf8 23. Rxg8+ Kxg8 24. Rf1 Kf8 25. Qxf6 Ke8 26. f5 Qe7 27. fxe6 Qxe6 28. Qg5 Kd7 29.
Rf6 Qe7 30. Qf5+ Kc6 31. e4 dxe4 32. dxc5 e3 33. Ne4 Bc8 34. Qf3 e2 35. Nxd6+ 1-0

[Event "Late-Titled-Tuesday-Blitz-July-09-2024"]
[Site "Chess.com"]
[Date "2024.07.09"]
[Round "2"]
[White "K_A_S_T_O_R"]
[Black "Payyappat"]
[Result "1-0"]
[WhiteElo "2841"]
[BlackElo "2411"]
[TimeControl "180+1"]
[EndTime "14:18:00 PDT"]
[Termination "K_A_S_T_O_R won on time"]

1. e4 c6 2. Nc3 d5 3. Nf3 dxe4 4. Nxe4 Nf6 5. Nxf6+ exf6 6. d4 Bd6 7. Be2 O-O 8.
O-O Re8 9. c4 Nd7 10. Be3 Nf8 11.
h3 Bf5 12. Bd3 Be6 13. Qc2 Ng6 14. Rfe1 Qd7 15. Bf1 Bf5 16. Qc3 Bc7 17. Rad1 Be4 18. Nd2 Qd6 19. g3 f5 20. f4 h5 21. Nxe4 fxe4 22. h4 Qf6 23. d5 Qxc3 24. bxc3 Ba5 25. Bd4 Rad8 26. Bg2 cxd5 27. cxd5 Rxd5 28. Rxe4 Red8 29.
Rb1 R5d7 30. f5 Ne7 31. f6 Nf5 32. Be5 Bb6+ 33. Kh2 Rd2 34. Kh3 Ne3 35. Bf3 Ng4 36. Bxg4 hxg4+ 37. Rxg4 g6 38. h5 Re2 39. Bf4 Rf2 40. hxg6 fxg6 41. Rxg6+ Kf7 42. Rh6 Rg8 43. Re1 Rf3 44. Re7+ Kf8 45. Rhh7 1-0

[Event "Late-Titled-Tuesday-Blitz-July-09-2024"]
[Site "Chess.com"]
[Date "2024.07.09"]
[Round "2"]
[White "Matalon"]
[Black "chessuriel"]
[Result "1-0"]
[WhiteElo "2508"]
[BlackElo "2284"]
[TimeControl "180+1"]
[EndTime "14:18:01 PDT"]
[Termination "Matalon won by resignation"]

1. e4 c5 2. Nf3 d6 3. c3 Nf6 4. Be2 g6 5. O-O Bg7 6. Bb5+ Bd7 7. Bxd7+ Nbxd7 8. Re1 Qc7 9. d4 O-O 10. h3 Rac8 11. Bf4 cxd4 12. cxd4 Qc2 13. Qxc2 Rxc2 14. b3 e5 15. Na3 Rc6 16. dxe5 Nh5 17. Bh2 Nxe5 18.
Nd4 Ra6 19. Nab5 Nc6 20. Red1 Nxd4 21. Nxd4 Rc8 22. a4 Nf6 23. f3 Nd7 24. Rab1 Nc5 25. Nb5 Bf8 26. Bxd6 Rd8 27. Bxc5 Bxc5+ 28. Kf1 Rxd1+ 29.
Rxd1 Rc6 30. Rd7 a6 31. Nc3 Bb4 32. Nd5 Rc1+ 33. Ke2 Rc2+ 34. Kd3 Rd2+ 35. Ke3 Rd1 36. Nf6+ Kg7 37. Rxd1 Kxf6 38. Rd7 Bc5+ 39. Kd3 1-0

[Event "Late-Titled-Tuesday-Blitz-July-09-2024"]
[Site "Chess.com"]
[Date "2024.07.09"]
[Round "2"]
[White "ljm509"]
[Black "Happy1712Drummer"]
[Result "0-1"]
[WhiteElo "2007"]
[BlackElo "2436"]
[TimeControl "180+1"]
[EndTime "14:18:01 PDT"]
[Termination "Happy1712Drummer won on time"]

1. e4 c5 2. Nf3 d6 3. d4 cxd4 4.
Nxd4 Nf6 5. Nc3 a6 6. f3 g6 7. Be3 Bg7 8. Qd2 h5 9. Bc4 b5 10. Bb3 Bb7 11. O-O-O Qc7 12. Kb1 Nbd7 13. h4 Nc5 14.
Nd5 Nxd5 15. Bxd5 Bxd5 16. exd5 Na4 17. Rhe1 O-O 18. Bh6 Rac8 19. Bxg7 Kxg7 20. Qg5 Rfe8 21. g4 Qc4 22. Re3 Rc5 23. c3 Rxd5 24. Nf5+ Rxf5 25. gxf5 Qc5 26. fxg6 Qxg5 27. hxg5 Kxg6 28. Rxd6+ exd6 0-1

[Event "Late-Titled-Tuesday-Blitz-July-09-2024"]
[Site "Chess.com"]
[Date "2024.07.09"]
[Round "2"]
[White "Noki102"]
[Black "honestgames"]
[Result "0-1"]
[WhiteElo "2551"]
[BlackElo "2834"]
[TimeControl "180+1"]
[EndTime "14:18:02 PDT"]
[Termination "honestgames won by checkmate"]

1. Nc3 Nf6 2. d4 d5 3. Bf4 c5 4. e4 cxd4 5. Qxd4 Nc6 6. Bb5 Bd7 7. Bxc6 Bxc6 8. e5 Nd7 9. e6 fxe6 10. Nf3 Qb6 11. Qd2 d4 12. Qxd4 Qxd4 13. Nxd4 e5 14. Nxc6 exf4 15. Nd4 e5 16. Ne6 Kf7 17. Nxf8 Rhxf8 18.
O-O-O Nf6 19. Rhe1 Rfe8 20. f3 a6 21. Ne4 Re7 22. Nd6+ Kg6 23. c4 Rd8 24. b4 b6 25.
Kc2 Red7 26. c5 bxc5 27. bxc5 Re7 28. Kc3 Rb8 29. Rb1 Nd5+ 30. Kd3 Rd8 31. Rb2 Ne3 32. Ke4 Rc7 33. Nb7 Rdd7 34. Reb1 Nc4 35. Rb4 Rd4# 0-1

[Event "Late-Titled-Tuesday-Blitz-July-09-2024"]
[Site "Chess.com"]
[Date "2024.07.09"]
[Round "2"]
[White "dolynachess"]
[Black "Boundless_Strike"]
[Result "0-1"]
[WhiteElo "2543"]
[BlackElo "2805"]
[TimeControl "180+1"]
[EndTime "14:18:03 PDT"]
[Termination "Boundless_Strike won on time"]

1. d4 e5 2. c4 d6 3. e3 a6 4. Nf3 Bg4 5. Be2 Nc6 6. Nc3 Qd7 7. h3 Bf5 8. Nh4 Bg6 9. Nxg6 hxg6 10. d5 Nce7 11.
e4 f5 12. Qc2 Nf6 13. Be3 f4 14. Bd2 g5 15. O-O-O c5 16. a3 Nc8 17. Kb1 Be7 18.
Ka2 Na7 19. Rb1 b5 20. b4 O-O 21. bxc5 dxc5 22. cxb5 axb5 23. Nxb5 c4 24. Bxc4 Nxb5 25. d6+ Kh8 26. dxe7 Qxe7 27. Bb4 Rxa3+ 28. Kb2 Qxb4+ 29. Kc1 Qc3 30. Rxb5 Ra1+ 31. Rb1 Rxb1+ 32. Kxb1 Qb4+ 33. Kc1 Rc8 0-1

[Event "Late-Titled-Tuesday-Blitz-July-09-2024"]
[Site "Chess.com"]
[Date "2024.07.09"]
[Round "2"]
[White "LikeWater"]
[Black "Good_Knight_Kiss"]
[Result "1-0"]
[WhiteElo "2657"]
[BlackElo "2382"]
[TimeControl "180+1"]
[EndTime "14:18:04 PDT"]
[Termination "LikeWater won on time"]

1. e4 c5 2. c3 d5 3. exd5 Qxd5 4. d4 Nc6 5. Nf3 Bg4 6. dxc5 Qxd1+ 7. Kxd1 e6 8. Be3 Nf6 9. b4 Nd5 10. Bd2 a5 11.
Bb5 Be7 12. Kc1 Bxf3 13. gxf3 axb4 14. a4 Bf6 15. Kc2 Ke7 16. Re1 Rhc8 17. Re4 Kf8 18.
Ra2 bxc3 19. Bxc3 Bxc3 20. Bxc6 Nb4+ 21. Rxb4 Bxb4 22. Bxb7 Rxc5+ 23. Kd3 Rd8+ 24. Ke3 f5 25. Kf4 Rd7 26. Ba6 Ra7 27. Bd3 Rca5 28. Rb2 Rxa4 29. Kg3 Bd6+ 30. Kg2 Rb4 31. Re2 Kf7 32. Nd2 Kf6 33. Nc4 Bf4 34. Rc2 Rc7 35. Be2 1-0

[Event "Late-Titled-Tuesday-Blitz-July-09-2024"]
[Site "Chess.com"]
[Date "2024.07.09"]
[Round "2"]
[White "Romadk"]
[Black "APOKALIPSA13"]
[Result "1-0"]
[WhiteElo "2458"]
[BlackElo "2113"]
[TimeControl "180+1"]
[EndTime "14:18:04 PDT"]
[Termination "Romadk won by resignation"]

1. d4 e5 2. dxe5 Nc6 3. Nf3 Qe7 4. Nc3 Nxe5 5. Bf4 Nxf3+ 6. gxf3 c6 7. Qd2 d5 8. O-O-O Be6 9. e4 O-O-O 10. Qd4 dxe4 11.
Qxa7 Rxd1+ 12. Nxd1 Qb4 13. Qb8+ Kd7 14. Qc7+ Ke8 15.
Bg2 Nf6 16. Nc3 Be7 17. Qb8+ Bd8 18. Rd1 Nd5 19. fxe4 g5 20. Bxg5 f6 21. exd5 fxg5 22. dxe6 Ke7 23. Rd7+ Kxe6 24. Rxd8 Rxd8 25. Qxd8 Qf4+ 26.
Qd2 Qxh2 27. Qe2+ Kf7 28. Bf3 Qg1+ 29. Nd1 h6 30. Bh5+ Kf6 31. Kd2 Qh2 32. Ne3 Qd6+ 33. Qd3 Qf4 34. Qf5+ Qxf5 35. Nxf5 Kxf5 36. a4 g4 37. a5 Kg5 38. Be8 h5 39. Bxc6 bxc6 40. a6 h4 41. a7 h3 42. a8=Q h2 43. Qh8 Kf4 44. Qxh2+ Kf3 45. Qg3+ Ke4 46. Qe3+ 1-0

[Event "Late-Titled-Tuesday-Blitz-July-09-2024"]
[Site "Chess.com"]
[Date "2024.07.09"]
[Round "2"]
[White "dropstoneDP"]
[Black "Itay121"]
[Result "1-0"]
[WhiteElo "3028"]
[BlackElo "2517"]
[TimeControl "180+1"]
[EndTime "14:18:05 PDT"]
[Termination "dropstoneDP won by checkmate"]

1. e4 c6 2. Nc3 d5 3. Nf3 dxe4 4. Nxe4 Nf6 5. Qe2 Nxe4 6. Qxe4 Qa5 7. b4 Qd5 8. Qf4 e5 9. Qxe5+ Qxe5+ 10. Nxe5 Bxb4 11. Rb1 Bd6 12. Nc4 Bc7 13. Ba3 b5 14. Nd6+ Bxd6 15.
Bxd6 Be6 16. a4 a6 17. Bd3 Nd7 18. O-O Nb6 19. axb5 axb5 20. Bc5 Nc4 21. Bxc4 Bxc4 22. Rfe1+ Be6 23. c4 Kd7 24. cxb5 cxb5 25. Bd4 Rhb8 26. Bxg7 b4 27. h3 b3 28. Bc3 Rg8 29. Rxe6 fxe6 30. Rxb3 Rgb8 31. Rxb8 Rxb8 32. g4 Kc6 33. Kg2 Kd5 34.
Kg3 Rf8 35. f3 Rf7 36. Ba5 e5 37. Bb6 Rb7 38. Be3 Rf7 39. h4 Rg7 40. h5 Rf7 41. g5 Ke6 42. Kg4 Rb7 43. h6 Rb4+ 44. f4 Kd5 45. g6 hxg6 46. h7 Rb8 47. Kg5 exf4 48.
Bxf4 Rf8 49. Kxg6 Ke6 50. Be3 Re8 51. Bd4 Re7 52. h8=Q Rd7 53. Qe5# 1-0

[Event "Late-Titled-Tuesday-Blitz-July-09-2024"]
[Site "Chess.com"]
[Date "2024.07.09"]
[Round "2"]
[White "giomar27"]
[Black "Individoom"]
[Result "0-1"]
[WhiteElo "2427"]
[BlackElo "2759"]
[TimeControl "180+1"]
[EndTime "14:18:07 PDT"]
[Termination "Individoom won on time"]

1. Nc3 d5 2. d4 Nf6 3. Bf4 a6 4. e3 c5 5. dxc5 Nc6 6. Nf3 Bg4 7. Be2 e6 8. Na4 Bxc5 9. Nxc5 Qa5+ 10. c3 Qxc5 11.
Ne5 Bxe2 12. Qxe2 O-O 13. O-O Rac8 14. Nxc6 Qxc6 15. Rad1 Rfe8 16. Be5 Nd7 17. Bg3 b5 18.
a3 Nc5 19. Qg4 f6 20. Bh4 Kh8 21. Qf3 Ne4 22. Qe2 Qc4 23. Qh5 Qc7 24. Bg3 Qc6 25. Rd4 e5 26. Rdd1 Rcd8 27. Qe2 Rd7 28. f3 Nc5 29.
Qc2 Red8 30. Rd2 Na4 31. Rfd1 Nb6 32. Bf2 Nc4 33. Re2 a5 34. Qf5 a4 35. g4 g6 36. Qc2 Kg7 37. h4 Qe6 38. Kh2 e4 39.
fxe4 dxe4 40. Rd4 Rxd4 41. exd4 Re8 42. Kg3 e3 43. Bg1 Qd6+ 44. Kg2 Qd5+ 45. Kh2 Re4 46. Kh3 Qe6 47. Rg2 e2 48. Bf2 e1=Q 49. Bxe1 Ne3 0-1